 Dungeon Crawl Stone Soup version 0.21.1-1-g345015f (webtiles) character file.

397 inc the Gusty (level 6, -2/24 HPs)
             Began as a Felid Air Elementalist on Mar 5, 2018.
             Slain by an orc
             ... wielding a +1 war axe of flaming
              (10 damage)
             ... on level 5 of the Dungeon.
             The game lasted 00:11:05 (5432 turns).

inc the Gusty (Felid Air Elementalist)              Turns: 5432, Time: 00:11:06

Health: -2/24      AC:  2    Str:  9    XL:     6   Next: 53%
Magic:  0/10       EV: 18    Int: 18    God:    Xom [.*....]
Gold:   208        SH:  0    Dex: 19    Spells: 5/9 levels left
                                        Lives:  0   Deaths: 1

rFire    . . .     SeeInvis +   (weapon unavailable)
rCold    . . .     Gourm    .   (shield unavailable)
rNeg     . . .     Faith    .   (armour unavailable)
rPois    .         Spirit   .   (helmet unavailable)
rElec    .         Reflect  .   (cloak unavailable)
rCorr    +         Harm     .   (gloves unavailable)
MR       .....                  (boots unavailable)
Stlth    +++.......             (no amulet)
HPRegen  0.08/turn              d - ring of resist corrosion
MPRegen  0.12/turn              (no ring)

@: mighty, very slightly contaminated, quick
A: very small, no armour, no weapons or thrown items, stealth, claws 1, fangs 3,
horns 1, see invisible, agile 1, blink, carnivore, speed 1, shaggy fur 2, slow
metabolism 1, sharp paws
a: Blink, Renounce Religion


You were on level 5 of the Dungeon.
You worshipped Xom.
You were a plaything of Xom.
You were very full.

You visited 1 branch of the dungeon, and saw 5 of its levels.
You also visited: Sewer.

You collected 208 gold pieces.

Inventory:

Jewellery
 d - a ring of resist corrosion (left paw)
Scrolls
 c - 3 scrolls of identify
 e - 3 scrolls of remove curse {unknown}
 g - a scroll of enchant weapon {unknown}
 k - 3 scrolls of teleportation {unknown}
 n - a scroll of enchant armour {unknown}
Potions
 f - a potion of lignification
 h - a potion of cancellation
 i - a potion of degeneration
 j - a potion of ambrosia
 l - a potion of haste
 o - a potion of curing {unknown}
 p - 2 potions of flight
 q - a potion of heal wounds
Books
 a - a book of Air

   Spells                             Type                      Level
   a - Shock                          Conjuration/Air              1
   b - Swiftness                      Charms/Air                   2
   c - Static Discharge               Conjuration/Air              3
   d - Airstrike                      Air                          4
   e - Lightning Bolt                 Conjuration/Air              5
Comestibles
 b - 12 rations


   Skills:
 - Level 2.6 Dodging
 - Level 2.6 Stealth
 + Level 2.3 Spellcasting
 - Level 4.1 Conjurations
 - Level 6.1 Air Magic


You had 5 spell levels left.
You knew the following spells:

 Your Spells              Type           Power        Failure   Level  Hunger
a - Shock                 Conj/Air       ###.         2%          1    #......
b - Static Discharge      Conj/Air       ###.....     6%          3    ###....


Dungeon Overview and Level Annotations

Branches:
Dungeon (5/15)
 Temple: D:4-7

Altars:
Ashenzari
Uskayaw
Xom

Annotations:
D:4 TheNamelessOne's ghost, amateur DsIE


Innate Abilities, Weirdness & Mutations

You cannot wear armour.
You are incapable of wielding weapons or throwing items.
Your paws allow you to move quietly. (Stealth)
You have sharp claws.
You have razor-sharp teeth.
You have supernaturally acute eyesight. (SInv)
You are carnivorous and can eat meat at any time.
You cover ground quickly.
You are covered in thick fur. (AC +2)
You have a slow metabolism.
Your sharp claws are effective at attacking unaware monsters.
You have a pair of small horns on your head.
You are agile. (Dex +2)
You can translocate small distances at will.


Message History

You are very lightly contaminated with residual magic.
Nothing appears to happen.
Casting: Shock
Confirm with . or Enter, or press ? or * to list all spells.
Aiming: Shock
Press: ? - help, Shift-Dir - straight line, f/p - orc
Aim: an orc, wielding a war axe of flaming and wearing an ancient plate armour (moderately wounded)
The zap hits the orc.
The orc completely resists.
The orc is moderately wounded.
The orc hits you with a war axe of flaming!
The orc burns you.
You feel very mighty all of a sudden. The orc misses you.
You scratch the orc but do no damage.
The orc is moderately wounded.
The orc completely misses you.
You scratch the orc. You bite the orc, but do no damage.
The orc is almost dead.
The orc hits you with a war axe of flaming!
You die...

#.# #...##........ #.#
#÷###......... ###.# #≈#
#......... #...#######≈#
#......... #.........#≈#
#........... #...####.##≈#
..............
####.....##≈#
#............. ##.......#o#
o.... #........#@# .....
#........#≈# .. .....
#........### ... .....
#.........# ##.. .....
#.........# ... ......
#......)..# #.# .........
#.........##..####.#.# ....
#.................... .....
#.........#..#####.###.....


You could see an orc.

Vanquished Creatures
  An ogre (D:3)
  A big kobold (Sewer)
  2 crimson imps (D:5)
  The ghost of letownia2 the Conjurer, a weakling TeFE (D:3)
  A bullfrog zombie (D:5)
  A hound (D:4)
  Crazy Yiuf (D:2)
  2 orc priests
  Terence (D:2)
  An iguana (D:5)
  2 adders
  A river rat (Sewer)
  A worm (D:4)
  2 leopard geckos
  10 orcs
  5 giant cockroaches
  15 goblins
  8 hobgoblins
  2 jackals (Sewer)
  11 kobolds
  2 quokkas
  3 ball pythons
  8 bats
  2 frilled lizards
  10 rats
94 creatures vanquished.

Notes
Turn   | Place    | Note
-------+----------+-------------------------------------------
     0 | D:1      | inc the Felid Air Elementalist began the quest for the Orb.
     0 | D:1      | Reached XP level 1. HP: 7/7 MP: 4/4
    38 | D:1      | Reached skill level 1 in Conjurations
   266 | D:1      | Reached XP level 2. HP: 11/11 MP: 3/6
   334 | D:1      | Found a shimmering altar of Xom.
   513 | D:1      | Became a worshipper of Xom of Chaos
   543 | D:1      | XOM: harmless Pois miscast
   791 | D:1      | XOM: divination: detect items
  1026 | D:2      | XOM: silly message
  1095 | D:2      | XOM: silly message
  1149 | D:2      | Noticed Terence
  1203 | D:2      | Killed Terence
  1203 | D:2      | Reached XP level 3. HP: 14/14 MP: 1/7
  1287 | D:2      | Found a shattered altar of Ashenzari.
  1473 | D:2      | XOM: harmless Ice miscast
  1615 | D:2      | Found a runed door.
  1667 | D:2      | Noticed Crazy Yiuf
  1690 | D:2      | Killed Crazy Yiuf
  1690 | D:2      | Reached XP level 4. HP: 5/18 MP: 2/8
  1857 | D:2      | XOM: harmless Chrm miscast
  2010 | D:3      | XOM: harmless Erth miscast
  2216 | D:3      | XOM: harmless Ice miscast
  2319 | D:3      | XOM: cloud trail
  2454 | D:3      | Noticed letownia2's ghost (weakling TeFE)
  2662 | D:4      | Noticed TheNamelessOne's ghost (amateur DsIE)
  2677 | D:4      | Found a hide-covered altar of Uskayaw.
  2678 | D:4      | Noticed a hand axe
  2680 | D:4      | Noticed a hand axe
  2690 | D:4      | XOM: confuse monster(s)
  2946 | D:3      | XOM: scenery: 1 doors close
  3011 | D:3      | Reached skill level 3 in Air Magic
  3220 | D:2      | XOM: give mutation
  3220 | D:2      | Gained mutation: You can translocate small distances at will. [Xom's grace]
  3460 | D:3      | Noticed an ogre
  3506 | D:3      | Killed an ogre
  3506 | D:3      | Reached skill level 4 in Air Magic
  3506 | D:3      | Reached XP level 5. HP: 21/21 MP: 0/9
  3563 | D:3      | XOM: give mutations
  3563 | D:3      | Gained mutation: You are dopey. (Int -2) [Xom's mischief]
  3563 | D:3      | Gained mutation: You are weak. (Str -2) [Xom's mischief]
  3588 | D:3      | Learned a level 3 spell: Static Discharge
  3680 | D:3      | Killed letownia2's ghost
  3699 | D:3      | XOM: harmless Chrm miscast
  3760 | D:4      | XOM: butterfly on damage
  3900 | D:3      | XOM: noise
  3912 | D:3      | Lost mutation: You are weak. (Str -2) [potion of mutation]
  3912 | D:3      | Lost mutation: You are dopey. (Int -2) [potion of mutation]
  3912 | D:3      | Gained mutation: You have a pair of small horns on your head. [potion of mutation]
  3912 | D:3      | Gained mutation: You are agile. (Dex +2) [potion of mutation]
  3969 | D:4      | Gained mutation: You are covered in thick fur. (AC +2) [Felid growth]
  3969 | D:4      | Reached XP level 6. HP: 21/24 MP: 7/10
  4274 | D:4      | XOM: harmless Erth miscast
  4358 | D:4      | XOM: enchant monster (good)
  4552 | D:5      | Entered Level 5 of the Dungeon
  4577 | D:5      | Reached skill level 5 in Air Magic
  4614 | D:5      | XOM: butterfly on damage
  4616 | D:5      | XOM: blink monster(s)
  4616 | D:5      | Shot with an arrow by a centaur
  4617 | D:5      | Reached XP level 5. HP: -12/21 MP: 1/9
  4824 | D:5      | Reached XP level 6. HP: 24/24 MP: 4/10
  4825 | D:5      | Found a glowing drain.
  4834 | Sewer    | Entered a sewer
  4973 | Sewer    | Reached skill level 6 in Air Magic
  5271 | Sewer    | XOM: mild Necr miscast
  5303 | Sewer    | XOM: harmless Necr miscast
  5307 | Sewer    | Found a white marble altar of Elyvilon.
  5432 | D:5      | Slain by an orc

Skill      XL: |  1  2  3  4  5  6 |
---------------+-------------------+-----
Conjurations   | 1 3 4 |  4.1
Air Magic      | 4 6 |  6.1
Dodging        | |  2.6
Stealth        | |  2.6
Spellcasting   | |  2.3

Action                   |  1- 3 |  4- 6 || total
-------------------------+-------+-------++-------
Melee: Unarmed           |     5 |    22 ||    27
       Bite              |       |     4 ||     4
       Headbutt          |       |     2 ||     2
 Cast: Shock             |    73 |   188 ||   261
  Use: Potion            |     1 |     4 ||     5
       Scroll            |       |     6 ||     6
  Eat: Chunk             |     1 |    16 ||    17
Armor: Skin              |     3 |     7 ||    10
Dodge: Dodged            |    19 |    68 ||    87
